 Dungeon Crawl Stone Soup version 0.28-b1-25-g9875b3fc8c (webtiles) character file.

Game seed: 3304016955735480296

68 tizbic2 the Ducker (level 4, -2/32 HPs)
             Began as a Djinni Air Elementalist on Feb 3, 2022.
             Killed from afar by a white imp (7 damage)
             ... with a puff of frost
             ... summoned by Natasha
             ... on level 3 of the Dungeon.
             The game lasted 00:15:54 (3169 turns).

tizbic2 the Ducker (Djinni Air Elementalist)        Turns: 3169, Time: 00:15:57

Health: -2/32      AC:  4    Str:  9    XL:     4   Next: 41%
Gold:   144        EV: 12    Int: 16    God:
                   SH:  0    Dex: 14

rFire   + + .      SeeInvis .   j - +0 rapier
rCold   x . .      Faith    .   (no shield)
rNeg    . . .      Spirit   .   g - +1 leather armour
rPois   ∞          Reflect  .   (no helmet)
rElec   .          Harm     .   (no cloak)
rCorr   .          Rampage  .   (no gloves)
Will    .....                   (boots unavailable)
Stlth   ++........              (no amulet)
HPRegen 0.10/turn               (no ring)
MPRegen 0.00/turn               (no ring)

@: flying
A: sickness immunity, fire resistance 2, cold vulnerability 1, float, innate
caster, HP casting, extra vitality 1
a: no special abilities


You were on level 3 of the Dungeon.
You visited 1 branch of the dungeon, and saw 3 of its levels.

You collected 144 gold pieces.

Inventory:

Hand Weapons
 e - a +1 dagger of venom
 j - a +0 rapier (weapon)
Missiles
 f - 64 stones (quivered)
Armour
 g - a +1 leather armour (worn)
 i - a +0 ring mail
Scrolls
 b - a scroll of teleportation
 h - a scroll of brand weapon
Potions
 c - a potion of lignification
 d - a potion of might {unknown}


   Skills:
 * Level 1.6 Fighting
 + Level 0.0 Short Blades
 + Level 0.0 Armour
 + Level 3.3 Dodging
 - Level 1.6 Stealth
 + Level 1.2 Unarmed Combat
 * Level 2.7 Spellcasting


You couldn't memorise any spells.
You knew the following spells:

 Your Spells              Type           Power      Damage    Failure   Level
a - Shock                 Conj/Air       44%        1d5       9%          1
b - Static Discharge      Conj/Air       11%        N/A       13%         2
c - Swiftness             Air            11%        N/A       26%         3
d - Airstrike             Air            5%         N/A       65%         4
e - Summon Small Mammal   Summ           44%        N/A       9%          1
Your spell library was empty.

Dungeon Overview and Level Annotations

Branches:
Dungeon (3/15)

Altars:

Annotations:
D:3 Natasha


Innate Abilities, Weirdness & Mutations

You are immune to sickness and miasma.
You are immune to poison.
Your flesh is very heat resistant. (rF++)
You are vulnerable to cold. (rC-)
You float through the air rather than walking.
You learn spells naturally, not from books.
Your magical power is your life essence.
You have superior vitality. (+4 MHP)


Message History

Found a pair of gloves.
Natasha casts a spell at you. The magic dart hits you!
Found a club.
Natasha casts a spell at you.
You feel yourself slow down. Natasha misses you.
You barely miss Natasha. Natasha claws you. Natasha misses you.
You closely miss Natasha. Natasha claws you but does no damage.
Natasha claws you.
You barely miss Natasha. Natasha claws you. Natasha barely misses you.
Natasha barely misses you.
Casting: Shock (safe; 9% risk of failure)
Confirm with . or Enter, or press ? or * to list all spells.
Aiming: Shock (safe; 9% risk of failure)
Press: ? - help, Shift-Dir - straight line The zap misses Natasha.
Natasha closely misses you.
You closely miss Natasha. Natasha claws you!
* * * LOW HITPOINT WARNING * * *
Natasha mumbles some strange words.
You hit Natasha.
Natasha is moderately wounded.
You feel yourself speed up. Natasha closely misses you.
The white imp hits you but does no damage.
Natasha mumbles some strange words.
You barely miss Natasha.
Natasha is moderately wounded.
The white imp barely misses you.
Natasha wildly gestures.
Natasha's front paws start to glow.
Natasha completely misses you.
The crimson imp blinks!
The white imp closely misses you.
You closely miss Natasha. You punch Natasha, but do no damage.
Natasha is moderately wounded.
Natasha claws you.
* * * LOW HITPOINT WARNING * * *
The white imp gestures at you. The puff of frost hits you!
You feel a terrible chill!
You die...

....# ...#
.$..## ...#
.....# .....#
.....# ....#
....#### .
.......#
########+###...
.......#
#...5@h.5...[..
.......+
#.####§........
.......#####.#
#..........
.......'.....#
#..........
.......#######
#...###....
.......#######
#...# ...
.............#
#...# ..
.............#
#)..# .
..########...#
#...#


You could see Natasha, a crimson imp (summoned) and a white imp (summoned).

Vanquished Creatures
  2 adders (D:2)
  A worm (D:2)
  A dart slug (D:2)
  8 bats
  4 endoplasms
  2 giant cockroaches
  A goblin (D:1)
  4 hobgoblins
  2 quokkas
  4 ball pythons
  3 frilled lizards
  5 kobolds
  7 rats
44 creatures vanquished.

Notes
Turn   | Place    | Note
-------+----------+-------------------------------------------
     0 | D:1      | tizbic2 the Djinni Air Elementalist began the quest for the
                  | Orb.
     0 | D:1      | Reached XP level 1. HP: 15/15 MP: 0/0
   633 | D:1      | Reached XP level 2. HP: 3/21 MP: 0/0
  1151 | D:1      | Reached XP level 3. HP: 19/26 MP: 0/0
  1151 | D:1      | Learned a level 1 spell: Summon Small Mammal
  1444 | D:2      | Reached skill level 3 in Dodging
  1466 | D:2      | Reached skill level 1 in Fighting
  1653 | D:2      | Reached skill level 1 in Unarmed Combat
  1915 | D:2      | Reached XP level 4. HP: 26/32 MP: 0/0
  2691 | D:3      | Noticed a sky beast
  3155 | D:3      | Noticed Natasha
  3169 | D:3      | Killed from afar by a white imp

Illustrated notes

Levels and vault maps discovered:
D:1:      dpeg_arrival_tiny_e, layout_loops_cross, st_stairs_10
D:2:      cheibrodos_helix_gallery, layout_basic, minmay_pentomino_w2
D:3:      layout_basic, kennysheep_generic_room_15, uniq_natasha

Skill      XL: |  1  2  3 |
---------------+----------+-----
Dodging        | 3 |  3.3
Fighting       | 1 |  1.6
Unarmed Combat | 1 |  1.2
Stealth        | |  1.6
Spellcasting   | |  2.7

Action                   |  1- 3 |  4- 6 || total
-------------------------+-------+-------++-------
Melee: Dagger            |    36 |    24 ||    60
       Unarmed           |     2 |       ||     2
       Punch             |     1 |     1 ||     2
       Rapier            |       |    22 ||    22
Throw: Stone             |     7 |     4 ||    11
 Cast: Shock             |    49 |     9 ||    58
       Static Discharge  |     2 |       ||     2
       Summon Small Mamm |     2 |       ||     2
  Use: Scroll            |     1 |     5 ||     6
 Stab: Sleeping          |     1 |       ||     1
Armor: Robe              |     3 |       ||     3
       Leather armour    |    15 |    13 ||    28
Dodge: Dodged            |    38 |    34 ||    72
